 Dungeon Crawl Stone Soup version 0.21.1-1-g345015f (webtiles) character file.

156 inc the Shield-Bearer (level 5, -4/36 HPs)
             Began as an Octopode Fighter on June 12, 2018.
             Slain by a gnoll
             ... wielding a +0 halberd
              (15 damage)
             ... on level 3 of the Dungeon.
             The game lasted 00:02:15 (1965 turns).

inc the Shield-Bearer (Octopode Fighter)            Turns: 1965, Time: 00:02:16

Health: -4/36      AC:  1    Str: 16    XL:     5   Next: 38%
Magic:  5/5        EV: 14    Int: 10    God:
Gold:   67         SH:  5    Dex: 12    Spells: 4/4 levels left

rFire    . . .     SeeInvis .   a - +0 flail
rCold    . . .     Gourm    .   o - +0 buckler
rNeg     . . .     Faith    .   (helmet restricted)
rPois    .         Spirit   .   (no amulet)
rElec    .         Reflect  .   (no ring)
rCorr    .         Harm     .   (no ring)
MR       .....                  (no ring)
Stlth    ++........             (no ring)
HPRegen  0.12/turn              (no ring)
MPRegen  0.09/turn              (no ring)
                                (no ring)
                                (no ring)

@: no status effects
A: almost no armour, stealthy swim, amphibious, 8 rings, constrict 8, camouflage
1, gelatinous body 1
a: no special abilities


You were on level 3 of the Dungeon.
You were not hungry.

You visited 1 branch of the dungeon, and saw 3 of its levels.

You collected 67 gold pieces.

Inventory:

Hand Weapons
 a - a +0 flail (weapon)
Armour
 b - a +0 shield
 o - a +0 buckler (worn)
Jewellery
 n - a cursed ring of teleportation {unknown}
Scrolls
 e - a scroll of teleportation {unknown}
 f - a scroll of random uselessness {unknown}
 i - 3 scrolls of identify {unknown}
 j - a scroll of immolation {unknown}
 k - 2 scrolls of enchant weapon {unknown}
 l - 2 scrolls of enchant armour {unknown}
 m - a scroll of remove curse {unknown}
Potions
 c - a potion of might
 g - a potion of magic {unknown}
 h - a potion of curing {unknown}
Comestibles
 d - a ration


   Skills:
 - Level 3.0 Fighting
 + Level 4.2 Maces & Flails
 - Level 3.0 Dodging
 + Level 4.4 Shields


You had 4 spell levels left.
You didn't know any spells.

Dungeon Overview and Level Annotations

Branches:
Dungeon (3/15)

Altars:
Cheibriados
Okawaru
Ru
Zin


Innate Abilities, Weirdness & Mutations

You cannot wear most types of armour.
You are very stealthy in the water. (Stealth+)
You are amphibious.
You can wear up to eight rings at the same time.
You can use your tentacles to constrict eight enemies at once.
Your skin changes colour to match your surroundings (Stealth+).
Your rubbery body absorbs attacks. (AC +1, EV +1)


Message History

A gnoll comes into view.
The gnoll shouts! x2
The gnoll barely misses you.
The gnoll shouts!
You hit the gnoll. You grab the gnoll. You squeeze the gnoll.
The gnoll is heavily wounded.
You constrict the gnoll. The gnoll hits you with a club.
The gnoll barely misses you.
You thump the gnoll!
You kill the gnoll!
The gnoll hits you from afar with a halberd.
The gnoll hits you with a spear! The gnoll hits you with a halberd!
* * * LOW HITPOINT WARNING * * *
Things that are here:
a club; a gnoll corpse You block the gnoll's attack.
Things that are here:
a dagger; a robe The gnoll hits you from afar with a halberd!
You die...

#..........#
r..........#
#........####
#≈≈.≈≈#.....####
#g≈.≈g#........#
#≈≈.≈≈#..#.[...#
#..8..##.......#### #
#.8_8 ##.........## .#
####..@#...###.### ###
#.).##.........
.....#####g))##.....)...
#.......).g...).........
.......g#######.........
..#####.. #........o
###. #......... ..
..######## ## ...#


You could see 3 gnolls.

Vanquished Creatures
  3 orc wizards (D:3)
  A gnoll (D:3)
  An adder (D:3)
  An ooze (D:2)
  A worm (D:3)
  2 dart slugs
  3 orcs (D:3)
  3 bats (D:2)
  2 giant cockroaches (D:2)
  5 hobgoblins
  8 jackals
  A ball python (D:3)
  2 frilled lizards
  3 goblins
  3 kobolds
  3 rats
42 creatures vanquished.

Notes
Turn   | Place    | Note
-------+----------+-------------------------------------------
     0 | D:1      | inc the Octopode Fighter began the quest for the Orb.
     0 | D:1      | Reached XP level 1. HP: 16/16 MP: 1/1
     6 | D:1      | Noticed a rime drake
     7 | D:1      | Noticed a polar bear
     7 | D:1      | Noticed a hog
   523 | D:1      | Reached XP level 2. HP: 18/21 MP: 2/2
   869 | D:2      | Reached XP level 3. HP: 9/26 MP: 3/3
  1093 | D:2      | Found a snail-covered altar of Cheibriados.
  1366 | D:2      | Found a sacrificial altar of Ru.
  1501 | D:2      | Found a glowing silver altar of Zin.
  1655 | D:3      | Found an iron altar of Okawaru.
  1698 | D:3      | Reached XP level 4. HP: 27/31 MP: 4/4
  1717 | D:3      | Reached XP level 5. HP: 7/36 MP: 5/5
  1965 | D:3      | Slain by a gnoll

Skill      XL: |  1  2  3  4 |
---------------+-------------+-----
Maces & Flails | 3 4 |  4.2
Shields        | 4 |  4.4
Fighting       | |  3.0
Dodging        | |  3.0

Action                   |  1- 3 |  4- 6 || total
-------------------------+-------+-------++-------
Melee: Flail             |    64 |    16 ||    80
       Constrict         |    20 |     5 ||    25
       Tentacles         |    12 |     3 ||    15
 Stab: Sleeping          |     5 |       ||     5
  Eat: Chunk             |     2 |     1 ||     3
Armor: Skin              |     5 |     1 ||     6
Dodge: Dodged            |    32 |    10 ||    42
Block: Shield            |    35 |       ||    35
       Buckler           |       |     5 ||     5
